 Dungeon Crawl Stone Soup version 0.26-a0-712-ga5a9c9c9d0 (webtiles) character file.

Game seed: 1636359935260058761

31073 night the Gelid (level 13, -6/86 HPs)
             Began as a Gargoyle Ice Elementalist on Nov 11, 2020.
             Was an Elder of Vehumet.
             Mangled by a hog (12 damage)
             ... led by Kirke
             ... on level 5 of the Lair of Beasts on Nov 12, 2020.
             The game lasted 01:01:44 (19397 turns).

night the Gelid (Gargoyle Ice Elementalist)        Turns: 19397, Time: 01:01:45

Health: -6/86      AC:  0    Str: 12    XL:     13   Next: 55%
Magic:  27/27      EV: 14    Int: 23    God:    Vehumet [****..]
Gold:   854        SH:  0    Dex: 10    Spells: 18/33 levels left

rFire    . . .     SeeInvis .   (weapon currently unavailable)
rCold    . . .     Faith    .   (shield currently unavailable)
rNeg     + . .     Spirit   .   (armour currently unavailable)
rPois    ∞         Reflect  .   (helmet currently unavailable)
rElec    .         Harm     .   (cloak currently unavailable)
rCorr    .         Rampage  .   (gloves currently unavailable)
MR       .....     Clarity  +   (boots currently unavailable)
Stlth    ++........             j - amulet of magic regeneration
HPRegen  0.24/turn              (ring currently unavailable)
MPRegen  0.45/turn              (ring currently unavailable)

@: about to teleport, pig-form, slowed
A: small, clarity, clever 1, negative energy resistance 1, sense surroundings 1,
petrification resistance, rot immunity, subdued magic 1, AC +9
a: Renounce Religion


You were on level 5 of the Lair of Beasts.
You worshipped Vehumet.
Vehumet was greatly pleased with you.
You were a filthy swine.
You visited 3 branches of the dungeon, and saw 16 of its levels.
You visited the Abyss 1 time.

You collected 1064 gold pieces.
You spent 210 gold pieces at shops.

Inventory:

Hand Weapons
 l - a +1 dagger of draining
 n - a +4 whip
 r - the +1 hunting sling of Dimok {freeze, Dex+4}
   (You found it on level 2 of the Lair of Beasts)

   It causes projectiles fired from it to freeze those they strike, causing
   extra injury to most foes and up to half again as much damage against
   particularly susceptible opponents.
   They can also slow down cold-blooded creatures.
   It affects your dexterity (+4).
 N - a +4 mace
 O - a +0 morningstar of chaos
 R - a +0 fustibalus
 S - the +7 dagger "Totept" (melded) {venom, *Contam Dex+4 Stlth+}
   (You bought it in a shop on level 10 of the Dungeon)

   It poisons the flesh of those it strikes.
   It affects your dexterity (+4).
   It causes magical contamination when unequipped.
   It makes you more stealthy.
Missiles
 p - 32 poisoned darts (quivered)
 u - 14 javelins
 C - 3 boomerangs of dispersal
Armour
 e - a +1 ring mail of fire resistance
 f - a +0 cloak (melded)
 g - a +1 pair of boots of rampaging (melded)
 i - +0 swamp dragon scales (melded)
 s - a +0 pair of gloves (melded)
 L - the +1 robe "Omomm" {rElec Regen+ rCorr}
   (You found it on level 9 of the Dungeon)

   It insulates you from electricity.
   It increases your rate of regeneration.
   It provides partial protection from all sources of acid and corrosion.
Magical Staves
 y - an uncursed staff of cold
Jewellery
 a - a +6 ring of intelligence (melded)
 c - an uncursed ring of protection from magic
 h - an uncursed ring of magical power
 j - an amulet of magic regeneration (around neck)
 k - a +6 ring of strength
 w - an uncursed ring of wizardry
 F - an uncursed amulet of regeneration
 Q - the amulet "Ubuo" {Reflect *Slow rF+ rN++ SH+5}
   (You acquired it on level 2 of the Lair of Beasts)

   [amulet of reflection]

   It shields you and reflects attacks.
   It protects you from fire.
   It greatly protects you from negative energy.
   It may slow you when you take damage.
   It affects your SH (+5).
 U - a cursed amulet of the acrobat
Wands
 x - a wand of flame (9)
 E - a wand of iceblast (12)
Scrolls
 d - 4 scrolls of identify
 t - a scroll of enchant armour
 v - 2 scrolls of teleportation
 A - a scroll of blinking
 H - 2 scrolls of amnesia
 I - 2 scrolls of enchant weapon
 J - 4 scrolls of fear
 P - 2 scrolls of magic mapping
 T - 2 scrolls of remove curse
Potions
 b - a potion of haste
 m - a potion of curing
 o - 4 potions of flight
 q - 3 potions of stabbing
 B - a potion of lignification
 K - a potion of might
 M - 5 potions of ambrosia


   Skills:
 + Level 12.3 Fighting
 - Level 1.5 Dodging
 - Level 2.1 Stealth
 + Level 10.7 Spellcasting
 * Level 15.8 Ice Magic


You had 18 spell levels left.
You knew the following spells:

 Your Spells              Type           Power        Failure   Level
a - Freeze                Ice            ####         0%          1
b - Frozen Ramparts       Ice            ######       0%          3
c - Ozocubu's Armour      Ice            ######..     0%          3
d - Summon Ice Beast      Ice/Summ       #####...     1%          4
e - Hailstorm             Conj/Ice       #####...     1%          4

Your spell library contained the following spells:

 Spells                   Type           Power        Failure   Level
 Airstrike                Air            #.........   12%         4
 Sandblast                Erth           #.....       1%          1
 Ice Form                 Ice/Tmut       #####...     1%          4
 Stone Arrow              Conj/Erth      #.....       3%          3
 Beastly Appendage        Tmut           #.....       4%          1
 Passwall                 Tmut/Erth      #.......     6%          2
 Wereblood                Tmut           #.......     6%          2
 Spider Form              Tmut/Pois      #.........   13%         3
 Lee's Rapid Deconstruct  Erth           #.........   32%         5
 Yara's Violent Unravell  Hex/Tmut       #.........   32%         5
 Cause Fear               Hex            #.........   41%         4
 Petrify                  Tmut/Erth      #.......     41%         4
 Blade Hands              Tmut           #.........   78%         5
 Silence                  Hex/Air        #.........   78%         5
 Discord                  Hex            #.........   100%        8


Dungeon Overview and Level Annotations

Branches:
Dungeon (10/15)            Temple (1/1) D:7            Lair (5/6) D:10
  Swamp (0/4) Lair:2        Snake (0/4) Lair:2        Slime (0/5) Lair:5
    Orc (0/2) D:10

Altars:
Ashenzari
Cheibriados
Dithmenos
Elyvilon
Fedhas
Gozag
Hepliaklqana
Kikubaaqudgha
Makhleb
Nemelex Xobeh
Okawaru
Qazlal
Ru
Sif Muna
Trog
Uskayaw
Vehumet
Wu Jian
Xom
Yredelemnul
Zin
Jiyva

Shops:
D:5 (   D:10 (

Portals:
Abyss: Lair:3

Annotations:
D:6 2 transporters, Enish's ghost, weakling OpDe
Lair:3 2 transporters, ma3's ghost, journeyman GrFi
Lair:5 Kirke; Snorg


Innate Abilities, Weirdness & Mutations

You are resistant to torment.
((Your stone body is resilient. (AC +9)))
You are immune to poison.
You resist negative energy. (rN+)
((You are resistant to electric shocks. (rElec)))
((You can survive without breathing.))
You are immune to petrification.
You are immune to rotting.
((You have a pair of small antennae on your head.))
You possess an exceptional clarity of mind.
Your mind is acute. (Int +2)
You passively map a small area around you.
Your spells are a little easier to cast, but a little less powerful.


Message History

Press: ? - help, Shift-Dir - straight line, f/p - hog
Aim: a hog (almost dead)
The puff of flame misses the hog.
A nearby fungus withers and dies.
Something hits you.
Evoke which item? (* to show all) (? for menu, Esc to quit)
Aiming: Polymorph
Press: ? - help, Shift-Dir - straight line, f/p - hog
Aim: a hog (almost dead, chance to defeat MR: 46%) Nothing appears to happen.
The now-empty wand crumbles to dust.
You hear some strange, mumbled words.
You feel a momentary urge to oink. The hog completely misses you.
Something hits you!!
You barely miss something. The hog misses you. Something hits you.
The hog bites you!
* * * LOW HITPOINT WARNING * * *
As you read the scroll of teleportation, it crumbles to dust.
You feel strangely unstable. The hog closely misses you. Something hits you!!
* * * LOW HITPOINT WARNING * * *
The hog bites you!
You die...

,...... * ###
, * ...... #
.h. ##'.P #..
..h ###h# * *,
, ##.#..## ,
#.#.h#.
#.....# ###
##....#####h#
,
#P....'....#h#
, ,
#.......†#.$h+
, ,
##....P.#.####
, #.....#### ,
,, , #⌠
#....## , * #.
##..## #. #..#
, #. ##÷.# ##.


You could see 2 hogs.

Vanquished Creatures
  Rupert (Lair:4)
  2 boulder beetles (Lair:2)
  4 black mambas
  3 elephants (Lair:5)
  11 cane toads
  3 komodo dragons
  3 rime drakes
  A queen bee (D:9)
  3 dream sheep (Lair:4)
  13 blink frogs
  A spriggan (Lair:4)
  Eustachio (D:4)
  27 yaks
  A wyvern (D:10)
  A basilisk (Lair:1)
  A hog (Lair:5)
  A steam dragon (Lair:1)
  11 water moccasins
  Duvessa (D:4)
  4 orc warriors
  A black bear (Lair:3)
  4 phantoms
  3 ice beasts
  4 sky beasts
  4 wolves
  4 ogres
  5 centaurs
  Blork the orc (D:4)
  A wyvern zombie (D:10)
  6 bullfrogs
  Dowan (D:4)
  A water moccasin zombie (D:10)
  2 scorpions
  17 killer bees (D:9)
  4 wights
  An electric eel (Lair:2)
  2 centaur zombies
  2 bullfrog zombies
  2 hounds
  9 orc wizards
  4 orc priests
  2 bullfrog skeletons
  A centaur skeleton (D:7)
  Jessica (D:3)
  3 iguanas
  5 worker ants
  Natasha (thrice) (D:3)
  4 hell rats (Lair:4)
  A hound zombie (D:6)
  A hound skeleton (D:5)
  3 howler monkey zombies
  Robin (D:2)
  7 gnolls
  19 adders
  3 shadow imps
  An ufetubus (D:6)
  2 oozes
  2 adder zombies
  2 worms
  A dart slug (D:1)
  A leopard gecko (D:2)
  39 orcs
  4 ball pythons
  8 bats
  5 giant cockroaches
  17 goblins
  8 hobgoblins
  3 jackals (D:7)
  2 quokkas
  4 frilled lizards
  8 kobolds
  A leopard gecko skeleton (D:4)
  13 rats
346 creatures vanquished.

Vanquished Creatures (collateral kills)
  6 hydras
  A catoblepas (Lair:4)
  A two-headed ogre (D:8)
  2 elephants (Lair:5)
  2 cane toads
  2 dream sheep (Lair:4)
  A blink frog (Lair:4)
  A bog body (Lair:2)
  10 yaks
  2 hogs
  A swamp worm (Lair:2)
  An ice beast (D:9)
  2 wolves (Lair:5)
  A phantom (D:9)
  3 bullfrogs
  A scorpion (D:9)
  4 wights
  An orc wizard (D:8)
  A jelly (D:10)
  An iguana (D:9)
  A shadow imp (D:7)
  An orc (D:8)
46 creatures vanquished.

Vanquished Creatures (others)
  27 fungi
  33 plants
  2 starspawn tentacles (Abyss:4)
62 creatures vanquished.

Grand Total: 454 creatures vanquished

Notes
Turn   | Place    | Note
-------+----------+-------------------------------------------
     0 | D:1      | night the Gargoyle Ice Elementalist began the quest for the
                  | Orb.
     0 | D:1      | Reached XP level 1. HP: 10/10 MP: 3/3
    73 | D:1      | Reached XP level 2. HP: 6/16 MP: 0/5
   601 | D:1      | Reached skill level 1 in Fighting
   789 | D:1      | Reached XP level 3. HP: 20/20 MP: 4/6
  1622 | D:2      | Learned a level 3 spell: Frozen Ramparts
  1744 | D:2      | Reached XP level 4. HP: 25/26 MP: 7/7
  2122 | D:2      | Noticed Robin
  2129 | D:2      | Killed Robin
  2129 | D:2      | Reached skill level 2 in Fighting
  2129 | D:2      | Reached skill level 5 in Ice Magic
  2344 | D:3      | Found a sparkling altar of Nemelex Xobeh.
  2383 | D:3      | Reached XP level 5. HP: 27/31 MP: 9/9
  2388 | D:3      | Learned a level 3 spell: Ozocubu's Armour
  2449 | D:3      | Found a blossoming altar of Fedhas.
  2518 | D:3      | Noticed Jessica
  2525 | D:3      | Killed Jessica
  2606 | D:3      | Found an opulent altar of Gozag.
  2699 | D:3      | Noticed Natasha
  2703 | D:3      | Killed Natasha
  2703 | D:3      | Reached XP level 6. HP: 26/36 MP: 10/10
  2908 | D:3      | Found a stormy altar of Qazlal.
  2910 | D:3      | Found a bloodstained altar of Trog.
  2910 | D:3      | Found a broken altar of Ashenzari.
  3002 | D:3      | Noticed Natasha
  3007 | D:3      | Killed Natasha
  3144 | D:3      | Noticed Natasha
  3150 | D:3      | Killed Natasha
  3150 | D:3      | Reached skill level 6 in Ice Magic
  3156 | D:3      | Learned a level 4 spell: Summon Ice Beast
  3345 | D:4      | Noticed Eustachio
  3353 | D:4      | Killed Eustachio
  3353 | D:4      | Reached XP level 7. HP: 39/42 MP: 12/12
  3427 | D:4      | Noticed Blork the orc
  3429 | D:4      | Noticed Dowan
  3430 | D:4      | Noticed Duvessa
  3442 | D:4      | Killed Blork the orc
  3442 | D:4      | Reached skill level 7 in Ice Magic
  3443 | D:4      | Killed Duvessa
  3450 | D:4      | Killed Dowan
  3812 | D:5      | Entered Level 5 of the Dungeon
  3847 | D:4      | Reached XP level 8. HP: 44/48 MP: 14/14
  4116 | D:5      | Found Zistruuva's Weapon Boutique.
  4210 | D:5      | Reached skill level 5 in Fighting
  4575 | D:5      | Reached skill level 8 in Ice Magic
  5114 | D:6      | Reached skill level 5 in Spellcasting
  5430 | D:6      | Found a transporter.
  5430 | D:6      | Found a transporter.
  5440 | D:6      | Noticed Enish's ghost (weakling OpDe)
  5576 | D:6      | Reached XP level 9. HP: 51/55 MP: 17/17
  5585 | D:6      | Reached skill level 9 in Ice Magic
  6388 | D:7      | Found a shimmering blue altar of Sif Muna.
  6388 | D:7      | Found a shimmering altar of Xom.
  6495 | D:7      | Found a staircase to the Ecumenical Temple.
  6508 | Temple   | Entered the Ecumenical Temple
  6761 | Temple   | Became a worshipper of Vehumet
  7391 | D:8      | Noticed a two-headed ogre
  7402 | D:8      | Killed a two-headed ogre
  7402 | D:8      | Reached skill level 10 in Ice Magic
  7804 | D:8      | Noticed Maggie
  7810 | D:8      | Noticed Maggie
  7810 | D:8      | Maggie changed into Maggie the hog
  7816 | D:8      | Killed Maggie the hog
  7902 | D:8      | Reached * piety under Vehumet
  7902 | D:8      | Offered knowledge of Shock by Vehumet.
  8091 | D:8      | Identified a scroll of acquirement
  8091 | D:8      | Acquired an uncursed staff of cold
  8199 | D:8      | Reached XP level 10. HP: 63/63 MP: 19/19
  8342 | D:9      | Learned a level 4 spell: Hailstorm
  8875 | D:9      | Got a shimmering robe
  8885 | D:9      | Identified the +1 robe "Omomm" {rElec Regen+ rCorr} (You
                  | found it on level 9 of the Dungeon)
  9039 | D:9      | Reached skill level 11 in Ice Magic
  9175 | D:9      | Reached ** piety under Vehumet
  9175 | D:9      | Offered knowledge of Magic Dart by Vehumet.
  9735 | D:10     | Entered Level 10 of the Dungeon
 10144 | D:10     | Reached skill level 12 in Ice Magic
 10147 | D:10     | Reached XP level 11. HP: 43/69 MP: 22/22
 10379 | D:10     | Offered knowledge of Static Discharge by Vehumet.
 10423 | D:10     | Found a staircase to the Lair.
 10543 | D:10     | Found Hael's Antique Weapon Shoppe.
 10546 | D:10     | Bought a transparent dagger for 210 gold pieces
 10546 | D:10     | Identified the +7 dagger "Totept" {venom, *Contam Dex+4
                  | Stlth+} (You bought it in a shop on level 10 of the
                  | Dungeon)
 10647 | D:10     | Found a staircase to the Orcish Mines.
 10882 | Lair:1   | Entered Level 1 of the Lair of Beasts
 10895 | Lair:1   | Reached *** piety under Vehumet
 10930 | Lair:1   | Noticed a four-headed hydra
 11094 | Lair:1   | Killed a four-headed hydra
 11874 | Lair:1   | Reached skill level 13 in Ice Magic
 12576 | Lair:1   | Reached skill level 10 in Fighting
 12960 | Lair:2   | Acquired the amulet "Ubuo" {Reflect *Slow rF+ rN++ SH+5}
 13046 | Lair:2   | HP: 6/72 [cane toad (15)]
 13392 | Lair:2   | Found a staircase to the Snake Pit.
 13455 | Lair:2   | Reached XP level 12. HP: 70/78 MP: 25/25
 13517 | Lair:2   | Offered knowledge of Inner Flame by Vehumet.
 13692 | Lair:2   | Found a transporter.
 13693 | Lair:2   | Found a transporter.
 13696 | Lair:2   | Noticed a boulder beetle
 13697 | Lair:2   | Noticed a boulder beetle
 13712 | Lair:2   | Gained mutation: Your mind is acute. (Int +2) [potion of
                  | mutation]
 13712 | Lair:2   | Gained mutation: Your spells are a little easier to cast,
                  | but a little less powerful. [potion of mutation]
 13712 | Lair:2   | Gained mutation: You passively map a small area around you.
                  | [potion of mutation]
 13712 | Lair:2   | Gained mutation: You have a pair of small antennae on your
                  | head. [potion of mutation]
 13724 | Lair:2   | Killed a boulder beetle
 13727 | Lair:2   | Killed a boulder beetle
 13921 | Lair:2   | Noticed an eight-headed hydra
 13926 | Lair:2   | Killed an eight-headed hydra
 14038 | Lair:2   | Reached skill level 14 in Ice Magic
 14132 | Lair:2   | Got a pitted hunting sling
 14133 | Lair:2   | Identified the cursed +1 hunting sling of Dimok {freeze,
                  | Dex+4} (You found it on level 2 of the Lair of Beasts)
 14138 | Lair:2   | Gained mutation: You possess an exceptional clarity of
                  | mind. [mutagenic glow]
 14382 | Lair:2   | Noticed a six-headed hydra
 14394 | Lair:2   | Killed a six-headed hydra
 14691 | Lair:2   | Found a staircase to the Swamp.
 14915 | Lair:3   | Reached **** piety under Vehumet
 15309 | Lair:3   | Noticed a rakshasa
 15311 | Lair:3   | Identified the +6 dagger of Ydwuoso {distort, +Rage rC+
                  | rN+}
 15314 | Lair:3   | Found a transporter.
 15320 | Lair:3   | Found a transporter.
 15336 | Lair:3   | Found a one-way gate to the infinite horrors of the Abyss.
 15341 | Lair:3   | Noticed ma3's ghost (journeyman GrFi)
 15360 | Lair:3   | Noticed a thrashing horror
 15397 | Lair:3   | Offered knowledge of Airstrike by Vehumet.
 15827 | Lair:4   | Noticed an eight-headed hydra
 15865 | Lair:4   | Killed an eight-headed hydra
 16119 | Lair:4   | Noticed a catoblepas
 16148 | Lair:4   | Killed a catoblepas
 16148 | Lair:4   | Reached skill level 10 in Spellcasting
 16387 | Lair:4   | Noticed Rupert
 16415 | Lair:4   | Cast into level 4 of the Abyss (Rupert)
 16490 | Abyss:4  | Noticed a tentacled starspawn
 16506 | Abyss:4  | Noticed a starcursed mass
 16528 | Abyss:4  | Noticed a starcursed mass
 16529 | Lair:4   | Escaped the Abyss
 16548 | Lair:4   | Killed Rupert
 16548 | Lair:4   | Reached skill level 15 in Ice Magic
 16548 | Lair:4   | Reached XP level 13. HP: 14/85 MP: 13/27
 16982 | Lair:4   | Found a bloodstained altar of Trog.
 17880 | Lair:4   | Reached skill level 12 in Fighting
 18056 | Lair:5   | Found a hazy altar of Hepliaklqana.
 18458 | Lair:5   | Noticed Snorg
 18474 | Lair:5   | HP: 3/86 [Snorg (19)]
 19125 | Lair:5   | Found a staircase to the Slime Pits.
 19125 | Lair:5   | Found a viscous altar of Jiyva.
 19378 | Lair:5   | Noticed Kirke
 19397 | Lair:5   | HP: 6/86 [something (18)]
 19397 | Lair:5   | Mangled by a hog

Illustrated notes

Levels and vault maps discovered:
D:1:      eino_arrival_tree_alley, layout_loops_corners
D:2:      layout_basic, uniq_robin
D:3:      layout_loops_cross, nicolae_gozag_cash_rules_everything_around_me,
          lemuel_doored_altar, nicolae_overflow_hidden_temple, uniq_jessica,
          uniq_natasha
D:4:      layout_basic, uniq_duvessa, uniq_eustachio, uniq_blork_the_orc
D:5:      layout_cave_pools, cheibrodos_sewer_entry_bend, serial_shops, shop
D:6:      layout_basic, gammafunk_ghost_gnarly_gnolls
D:7:      layout_loops_ring, gammafunk_temple_overflow_pools,
          minmay_temple_entry_hall
D:8:      layout_rooms, uniq_maggie
D:9:      layout_grid_maze, special_room [special_room_bee]
D:10:     layout_loops_ring, lair_entry_dummy, orc_0_dummy, serial_shops,
          kennysheep_mini
Temple:   oiseaux_autumnal_temple
Lair:1:   layout_layer_cave, infiniplex_staircase_pool_2
Lair:2:   gammafunk_boulding_lane, layout_gridlike,
          nicolae_swamp_entry_splash_gauntlet, minmay_snake_entry_six_corridors
Lair:3:   layout_hall_layers, gammafunk_ghost_abyssal_escape, st_stairs_9,
          minmay_holes, hangedman_lair_unloving_vines,
          grunt_forest_small_clearings, beast_lair_carwin_9
Lair:4:   wad_woods_04, layout_cave_pods, basic_altar,
          chequers_serial_rivers_large_a, guppyfry_lair_drakes, uniq_rupert
Lair:5:   layout_roguey, slime_altar_1, basic_altar, grunt_megastairs_3,
          uniq_snorg, uniq_kirke

Skill      XL: |  1  2  3  4  5  6  7  8  9 10 11 12 13 |
---------------+----------------------------------------+-----
Fighting       | 1 2 3 4 5 7 8 10 11 12 | 12.3
Ice Magic      | 5 6 7 8 10 12 13 15 | 15.8
Spellcasting   | 3 4 5 6 7 9 10 | 10.7
Dodging        | |  1.5
Stealth        | |  2.1

Action                   |  1- 3 |  4- 6 |  7- 9 | 10-12 | 13-15 || total
-------------------------+-------+-------+-------+-------+-------++-------
Melee: Mace              |    37 |    61 |     2 |    11 |       ||   111
       Whip              |       |       |   262 |   182 |       ||   444
       Dagger            |       |       |       |   205 |   121 ||   326
       Unarmed           |       |       |       |       |     1 ||     1
Throw: Dart              |       |     6 |    11 |    18 |     2 ||    37
 Cast: Freeze            |    49 |    26 |    24 |    23 |     3 ||   125
       Frozen Ramparts   |     1 |    16 |    30 |    59 |    12 ||   118
       Ozocubu's Armour  |       |       |     8 |     4 |     7 ||    19
       Summon Ice Beast  |       |       |    16 |    66 |    23 ||   105
       Hailstorm         |       |       |       |     7 |     4 ||    11
Evoke: Wand              |       |       |     2 |     8 |     6 ||    16
  Use: Scroll            |     4 |     4 |    11 |    12 |     7 ||    38
       Potion            |       |       |     1 |     3 |       ||     4
 Stab: Sleeping          |     3 |       |     3 |     1 |       ||     7
       Distracted        |       |       |     2 |     1 |       ||     3
Armor: Robe              |    17 |       |   140 |       |       ||   157
       Ring mail         |       |    41 |       |       |       ||    41
       Swamp dragon scal |       |       |    11 |   232 |   111 ||   354
Dodge: Dodged            |    49 |    54 |   176 |   243 |    69 ||   591

Table legend: (Time is in decaauts)
 A = Elapsed time spent in this place.
 B = Non-inter-level travel time spent in this place.
 C = Inter-level travel time spent in this place.
 D = Time resting spent in this place.
 E = Time spent auto-exploring this place.
 F = Levels seen in this place.
 G = Mean time per level.
                   A        B        C        D        E       F      G
               +--------+--------+--------+--------+--------+-----+--------+
         Total |  19562 |  18867 |    695 |   3578 |  11401 |  17 | 1150.7 |
       Dungeon |  10846 |  10514 |    332 |   1611 |   6400 |  10 | 1084.6 |
        Temple |    289 |    237 |     52 |      0 |    235 |   1 |  289.0 |
          Lair |   8310 |   8000 |    310 |   1934 |   4765 |   5 | 1662.0 |
         Abyss |    116 |    116 |      0 |     33 |      0 |   1 |  116.0 |
               +--------+--------+--------+--------+--------+-----+--------+

Top non-repeatable levels by time:
  Lair:4: 2520 daAuts
  Lair:2: 1967 daAuts
  Lair:1: 1924 daAuts
     D:9: 1472 daAuts
     D:1: 1370 daAuts
    D:10: 1313 daAuts
     D:6: 1121 daAuts
     D:5: 1114 daAuts
     D:7: 1088 daAuts
     D:3: 977 daAuts
  Lair:5: 969 daAuts
  Lair:3: 927 daAuts
     D:2: 924 daAuts
     D:8: 818 daAuts
     D:4: 645 daAuts
